 Dungeon Crawl Stone Soup version 0.30-a0-586-g23e55c9e0a (webtiles) character file.

Game seed: 1608279144296582053

616 pokeman the Magician (level 7, 0/38 HPs)
             Began as a Deep Elf Hedge Wizard on Jan 4, 2023.
             Slain by a shadow (8 damage)
             ... on level 5 of the Dungeon.
             The game lasted 00:08:13 (4612 turns).

pokeman the Magician (Deep Elf Hedge Wizard)        Turns: 4612, Time: 00:08:14

Health: 0/38       AC:  2    Str:  7    XL:     7   Next: 21%
Magic:  18/20      EV: 13    Int: 21    God:
Gold:   177        SH:  0    Dex: 14    Spells: 13/21 levels left

rFire   . . .      SeeInvis .    s - +2 dagger (protect)
rCold   + + .      Faith    .    (no shield)
rNeg    . . .      Spirit   .    q - +0 robe {rC+}
rPois   .          Reflect  .    c - +0 hat
rElec   .          Harm     .    (no cloak)
rCorr   .          Rampage  .    (no gloves)
Will    .....                    (no boots)
Stlth   ++                       (no amulet)
HPRegen 0.26/turn                o - ring of protection from cold
MPRegen 0.17/turn                (no ring)

@: no status effects
A: no striking features
a: no special abilities


You were on level 5 of the Dungeon.
You visited 1 branch of the dungeon, and saw 5 of its levels.

You collected 177 gold pieces.

Inventory:

Hand Weapons
 s - a +2 dagger of protection (weapon)
Armour
 c - a +0 hat (worn)
 q - a +0 robe of cold resistance (worn)
 r - a +0 buckler
Jewellery
 o - a ring of protection from cold (left hand)
Scrolls
 g - a scroll of enchant weapon {unknown}
 h - 11 scrolls of identify {unknown}
 j - a scroll of fog {unknown}
 l - 3 scrolls of teleportation {unknown}
Potions
 b - a potion of haste {unknown}
 d - a potion of magic
 e - 2 potions of brilliance {unknown}
 f - 2 potions of ambrosia {unknown}
 i - a potion of resistance {unknown}
 k - a potion of might {unknown}
 m - 3 potions of lignification {unknown}
 n - a potion of attraction {unknown}
 p - a potion of cancellation {unknown}


   Skills:
 + Level 1.5 Fighting
 - Level 1.0 Armour
 - Level 3.2 Dodging
 - Level 3.3 Stealth
 - Level 1.1 Shields
 * Level 7.7 Spellcasting
 + Level 3.7 Conjurations
 + Level 2.0 Summonings
 - Level 1.1 Translocations
 - Level 1.2 Air Magic
 - Level 1.3 Poison Magic


You had 13 spell levels left.
You knew the following spells:

 Your Spells              Type           Power      Damage    Failure   Level
a - Magic Dart            Conj           92%        1d7       1%          1
b - Mephitic Cloud        Conj/Pois/Air  17%        N/A       11%         3
c - Call Imp              Summ           16%        N/A       5%          2
d - Blink                 Tloc           24%        N/A       8%          2

Your spell library contained the following spells:

 Spells                   Type           Power      Damage    Failure   Level
 Momentum Strike          Conj/Tloc      36%        3d9       4%          2
 Slow                     Hex            32%        N/A       9%          1
 Cigotuvi's Dreadful Rot  Necr/Pois/Air  22%        N/A       9%          2
 Gell's Gravitas          Tloc           12%        N/A       16%         3
 Lesser Beckoning         Tloc           24%        N/A       16%         3
 Teleport Other           Tloc           12%        N/A       16%         3
 Ozocubu's Armour         Ice            8%         N/A       24%         3
 Tukima's Dance           Hex            8%         N/A       24%         3
 Passage of Golubria      Tloc           12%        N/A       45%         4
 Yara's Violent Unravell  Hex/Tmut       4%         3d4       92%         5
 Ozocubu's Refrigeration  Ice            4%         4d8       100%        7


Dungeon Overview and Level Annotations

Branches:
Dungeon (5/15)
 Temple: D:4-7

Altars:
Elyvilon
Trog

Shops:
D:3 ?

Annotations:
D:4 2 runed translucent doors, Pooter's ghost, amateur MiMo


Message History

Press: ? - help, Shift-Dir - straight line, f/p - iguana
Aim: an iguana (severely wounded, confused, 100% to hit)
The magic dart hits the iguana.
The iguana is almost dead.
Casting: Magic Dart (safe; 1% risk of failure)
Confirm with . or Enter, or press ? or * to list all spells.
Aiming: Magic Dart (safe; 1% risk of failure)
Press: ? - help, Shift-Dir - straight line, f/p - iguana
Aim: an iguana (almost dead, confused, 100% to hit)
The magic dart hits the iguana.
You kill the iguana!
Your Summonings skill increases to level 2!
HP restored.
Magic restored.
You see here an iguana corpse.
A shadow comes into view.
Casting: Magic Dart (safe; 1% risk of failure)
Confirm with . or Enter, or press ? or * to list all spells.
Aiming: Magic Dart (safe; 1% risk of failure)
Press: ? - help, Shift-Dir - straight line, f - shadow
Aim: a shadow (100% to hit)
The magic dart hits the shadow but does no damage.
The shadow slips into darkness.
The shadow flickers and vanishes!
Deactivating autopickup; reactivate with Ctrl-A.
You close the door, pushing everything out of the way.
You see here a +0 club.
You start resting.
Magic restored.
Something unseen breaks down the door.
It's broken and can't be closed.
It's broken and can't be closed.
The shadow strikes at you from the darkness!
Ouch! That really hurt!
* * * LOW HITPOINT WARNING * * *
Reactivating autopickup.
Casting: Magic Dart (safe; 1% risk of failure)
Confirm with . or Enter, or press ? or * to list all spells.
A beastly little devil appears in a puff of flame.
The shadow hits you!
You die...

....## ##...
......#?...
..........
....... ...[
#'## #)5# #.#
##W# #.# #@#
#.# ##.####.#
#.# #.......#
#.# #..######
#.# #..# #.#
#.†#
.######.###..#
...........<.#
########.###.#


You could see a shadow (ally target) and a friendly crimson imp (summoned).

Vanquished Creatures
  2 ogres (D:4)
  A hound (D:4)
  3 iguanas
  2 orc wizards
  2 adders
  4 dart slugs
  14 orcs
  5 ball pythons
  8 endoplasms
  3 giant cockroaches (D:1)
  6 goblins
  7 hobgoblins
  3 jackals
  5 kobolds
  3 quokkas
  5 bats
  A frilled lizard (D:2)
  4 rats
78 creatures vanquished.

Vanquished Creatures (collateral kills)
  A necrophage (D:4)
  3 orc priests
  An adder (D:3)
  A worm (D:3)
  3 orcs
  A goblin (D:3)
  A quokka (D:3)
11 creatures vanquished.

Grand Total: 89 creatures vanquished

Notes
Turn   | Place    | Note
-------+----------+-------------------------------------------
     0 | D:1      | pokeman the Deep Elf Hedge Wizard began the quest for the
                  | Orb.
     0 | D:1      | Reached XP level 1. HP: 10/10 MP: 7/7
   179 | D:1      | Reached XP level 2. HP: 13/16 MP: 2/9
   788 | D:1      | Reached skill level 5 in Spellcasting
   822 | D:1      | You fall into a shaft and drop 1 floor!
  1022 | D:1      | Reached XP level 3. HP: 20/20 MP: 9/11
  1026 | D:1      | Learned a level 3 spell: Mephitic Cloud
  1029 | D:1      | Learned a level 2 spell: Call Imp
  1032 | D:1      | Learned a level 2 spell: Blink
  1713 | D:3      | Found Xempus's Magic Scroll Emporium.
  1974 | D:3      | Reached skill level 1 in Fighting
  1974 | D:3      | Reached skill level 1 in Armour
  2148 | D:3      | Reached XP level 4. HP: 25/25 MP: 0/13
  2762 | D:4      | Noticed an ogre
  2770 | D:4      | Killed an ogre
  2771 | D:4      | Reached skill level 6 in Spellcasting
  2771 | D:4      | Reached XP level 5. HP: 29/29 MP: 6/15
  3261 | D:4      | Reached XP level 6. HP: 34/34 MP: 7/17
  3372 | D:4      | Reached skill level 1 in Air Magic
  3372 | D:4      | Reached skill level 1 in Poison Magic
  3503 | D:4      | Found a bloodstained altar of Trog.
  3528 | D:4      | Found a runed translucent door.
  3577 | D:4      | Found a runed translucent door.
  3578 | D:4      | Noticed Pooter's ghost (amateur MiMo)
  3688 | D:4      | Reached skill level 7 in Spellcasting
  3982 | D:4      | Found a white marble altar of Elyvilon.
  4234 | D:5      | Entered Level 5 of the Dungeon
  4271 | D:5      | Noticed an ice beast
  4291 | D:5      | Reached XP level 7. HP: 38/38 MP: 7/19
  4471 | D:4      | Reached skill level 1 in Shields
  4603 | D:5      | Noticed a shadow
  4612 | D:5      | Slain by a shadow

Illustrated notes

Levels and vault maps discovered:
D:1:      minmay_arrival_hallway, layout_loops_ring
D:2:      layout_rooms
D:3:      layout_loops_ring, serial_shops, shop
D:4:      layout_basic, lemuel_tele_altar, elyvilon_altar_5,
          ebering_ghost_sewer_f, hangedman_decor_lopped,
          nicolae_underground_beach
D:5:      layout_loops_ring, minmay_temple_entry_poolview,
          kennysheep_generic_room_2, uniq_grinder

Skill      XL: |  1  2  3  4  5  6  7 |
---------------+----------------------+-----
Spellcasting   | 5 6 7 |  7.7
Fighting       | 1 |  1.5
Armour         | 1 |  1.0
Conjurations   | 2 3 |  3.7
Dodging        | 3 |  3.2
Stealth        | 3 |  3.3
Air Magic      | 1 |  1.2
Poison Magic   | 1 |  1.3
Shields        | 1 |  1.1
Summonings     | 2 |  2.0
Translocations | |  1.1

Action                   |  1- 3 |  4- 6 |  7- 9 || total
-------------------------+-------+-------+-------++-------
Melee: Dagger            |     1 |    25 |    20 ||    46
       Punch             |       |     1 |       ||     1
 Cast: Magic Dart        |   116 |   118 |    23 ||   257
       Call Imp          |     1 |     5 |     4 ||    10
       Mephitic Cloud    |       |     4 |     1 ||     5
       Blink             |       |       |     1 ||     1
 Stab: Distracted        |       |       |     1 ||     1
       Confused          |       |       |     1 ||     1
Armor: Robe              |     6 |    12 |     3 ||    21
Dodge: Dodged            |    19 |    52 |    18 ||    89

Table legend: (Time is in decaauts)
 A = Elapsed time spent in this place.
 B = Non-inter-level travel time spent in this place.
 C = Inter-level travel time spent in this place.
 D = Time resting spent in this place.
 E = Time spent auto-exploring this place.
 F = Levels seen in this place.
 G = Mean time per level.
                   A        B        C        D        E       F      G
               +--------+--------+--------+--------+--------+-----+--------+
         Total |   4617 |   4525 |     92 |    502 |   3322 |   5 |  923.4 |
       Dungeon |   4617 |   4525 |     92 |    502 |   3322 |   5 |  923.4 |
               +--------+--------+--------+--------+--------+-----+--------+

Top non-repeatable levels by time:
     D:3: 1513 daAuts
     D:1: 1224 daAuts
     D:4: 1219 daAuts
     D:2: 425 daAuts
     D:5: 233 daAuts
